 Dungeon Crawl Stone Soup version 0.29-a0-617-g7a6b98fccd (webtiles) character file.

Game seed: 8832315366530597174

234799 RancidPinata the Warrior (level 19, -12/132 HPs)
             Began as a Gargoyle Gladiator on June 15, 2022.
             Was a High Priest of Okawaru.
             Mangled by a naga warrior
             ... wielding a +0 glaive
              (33 damage)
             ... on level 2 of the Snake Pit on June 17, 2022.
             The game lasted 02:54:53 (46427 turns).

RancidPinata the Warrior (Gargoyle Gladiator)      Turns: 46427, Time: 02:54:54

Health: -12/132    AC: 41    Str: 24    XL:     19   Next: 61%
Magic:  26/26      EV: 19    Int: 17    God:    Okawaru [*****.]
Gold:   3363       SH:  0    Dex: 11    Spells: 18/18 levels left

rFire   . . .      SeeInvis +   y - +9 battleaxe (vorpal)
rCold   + + .      Faith    .   (shield currently unavailable)
rNeg    + + .      Spirit   .   w - +7 Kryia's mail coat {PotionHeal*2 rC+}
rPois   ∞          Reflect  .   N - +2 hat {Will+}
rElec   +          Harm     .   P - scarf {repulsion}
rCorr   .          Rampage  .   L - +2 pair of gloves {Stlth+}
Will    ++...                   l - +2 pair of boots {Fly}
Stlth   ++++......              R - macabre finger necklace {rN+}
HPRegen 0.32/turn               t - +4 ring of evasion
MPRegen 0.20/turn               p - +4 ring of evasion
                                O - ring of the Hart {rC+ Int+6 Slay+4 SInv}

@: flying, constricted, repel missiles
A: sickness immunity, AC +14, big wings, negative energy resistance 1,
electricity resistance, torment resistance 1, petrification resistance
}: 1/15 runes: decaying
a: Renounce Religion, Heroism, Finesse, Duel


You were on level 2 of the Snake Pit.
You worshipped Okawaru.
Okawaru was extremely pleased with you.
You visited 7 branches of the dungeon, and saw 31 of its levels.
You also visited: Ossuary, Bailey, Gauntlet and Desolation.

You collected 4202 gold pieces.
You spent 839 gold pieces at shops.

Inventory:

Hand Weapons
 y - a +9 vorpal battleaxe (weapon)
 V - the +5 executioner's axe of Utuisoyruj {vorpal, rF+++ rC- Str-5 Dex+10}
   (Okawaru gifted it to you on level 12 of the Dungeon)

   It inflicts extra damage upon your enemies.
   Str:       It affects your strength (-5).
   Dex:       It affects your dexterity (+10).
   rF:        It renders you almost immune to fire.
   rC:        It makes you vulnerable to cold.
 X - the +8 dire flail of the Witching Pariah {vorpal, rN+ MP+9 Str+5}
   (Okawaru gifted it to you in the Desolation of Salt)

   It inflicts extra damage upon your enemies.
   Str:       It affects your strength (+5).
   rN:        It protects you from negative energy.
   MP:        It affects your magic capacity (+9).
Missiles
 a - 29 poisoned darts
 c - 9 boomerangs of dispersal
 d - 5 throwing nets
 e - 32 javelins
 r - 29 boomerangs (quivered)
 F - 11 silver javelins
 G - 25 atropa-tipped darts
 J - 8 curare-tipped darts
 M - 7 silver boomerangs
Armour
 l - a +2 pair of boots of flying (worn)
 w - the +7 Kryia's mail coat (worn) {PotionHeal*2 rC+}
   (You found it on level 4 of the Dungeon)

   Potions are twice as effective at healing its wearer.
   rC:        It protects you from cold.
 L - a +2 pair of gloves of stealth (worn)
 N - a +2 hat of willpower (worn)
 P - a scarf of repulsion (worn)
Jewellery
 p - a +4 ring of evasion (right hand)
 t - a +4 ring of evasion (left hand)
 O - the ring of the Hart (on amulet) {rC+ Int+6 Slay+4 SInv}
   (You acquired it in a bailey)

   [ring of intelligence]

   Int:       It affects your intelligence (+6).
   Slay:      It affects your accuracy & damage with ranged weapons and melee
   (+4).
   rC:        It protects you from cold.
   SInv:      It lets you see invisible.
 Q - the ring of Woubafa {rPois Will+ Dex+3}
   (You found it in the Desolation of Salt)

   [ring of poison resistance]

   Dex:       It affects your dexterity (+3).
   rPois:     It protects you from poison.
   Will:      It increases your willpower.
 R - the macabre finger necklace (around neck) {rN+}
   (You found it on level 2 of the Lair of Beasts)

   [amulet of nothing]

   It enables you to equip an extra ring.
   rN:        It protects you from negative energy.
Wands
 n - a wand of acid (4)
 x - a wand of iceblast (13)
 z - a wand of polymorph (17)
 K - a wand of flame (102)
 S - a wand of mindburst (4)
 U - a wand of digging (6)
Scrolls
 b - 11 scrolls of immolation
 i - 4 scrolls of magic mapping
 k - 3 scrolls of enchant weapon
 m - 7 scrolls of enchant armour
 s - 4 scrolls of fog
 u - 9 scrolls of teleportation
 v - 3 scrolls of silence
 B - 8 scrolls of fear
 H - a scroll of blinking
 T - 4 scrolls of poison
 W - a scroll of amnesia
Potions
 f - 3 potions of heal wounds
 g - 6 potions of might
 h - 5 potions of mutation
 j - 8 potions of lignification
 o - 8 potions of haste
 q - 5 potions of curing
 A - 5 potions of brilliance
 C - 3 potions of berserk rage
 D - 4 potions of cancellation
 E - 5 potions of invisibility
 I - 3 potions of resistance
 Y - 3 potions of magic
Miscellaneous
 Z - a tin of tremorstones (2/2)


   Skills:
 * Level 18.6 Fighting
 * Level 15.6(15.8) Axes
 - Level 3.7(11.7) Maces & Flails
 - Level 10.0 Throwing
 + Level 17.5 Armour
 - Level 10.0 Dodging
 + Level 8.9 Stealth
 + Level 10.2 Invocations
 + Level 6.8 Evocations


You had 18 spell levels left.
You didn't know any spells.
Your spell library contained the following spells:

 Spells                   Type           Power      Damage    Failure   Level
 Apportation              Tloc           0%         N/A       38%         1
 Beastly Appendage        Tmut           0%         N/A       38%         1
 Magic Dart               Conj           0%         1d3       38%         1
 Necrotize                Necr           0%         1d4       38%         1
 Ensorcelled Hibernation  Hex/Ice        0%         N/A       54%         2
 Passwall                 Tmut/Erth      0%         N/A       54%         2
 Scorch                   Fire           0%         2d5       54%         2
 Searing Ray              Conj           0%         2d4       54%         2
 Wereblood                Tmut           0%         N/A       54%         2
 Conjure Flame            Conj/Fire      0%         6-21      77%         3
 Dazzling Flash           Conj/Hex       0%         N/A       77%         3
 Ignite Poison            Fire/Tmut/Pois 0%         N/A       77%         3
 Inner Flame              Hex/Fire       0%         N/A       77%         3
 Mephitic Cloud           Conj/Pois/Air  0%         N/A       77%         3
 Spider Form              Tmut/Pois      0%         N/A       77%         3
 Swiftness                Air            0%         N/A       77%         3
 Vampiric Draining        Necr           0%         2d6       77%         3
 Airstrike                Air            0%         N/A       99%         4
 Cause Fear               Hex            0%         N/A       99%         4
 Corpse Rot               Necr/Pois/Air  0%         N/A       99%         4
 Dispel Undead            Necr           0%         3d6       99%         4
 Flame Wave               Conj/Fire      0%         2d4       99%         4
 Fulminant Prism          Conj/Hex       0%         3d6       99%         4
 Hailstorm                Conj/Ice       0%         3d3       99%         4
 Ice Form                 Ice/Tmut       0%         N/A       99%         4
 Iskenderun's Mystic Bla  Conj/Tloc      0%         2d3       99%         4
 Passage of Golubria      Tloc           0%         N/A       99%         4
 Sticky Flame             Conj/Fire      0%         2d3       99%         4
 Agony                    Necr           0%         N/A       100%        5
 Fireball                 Conj/Fire      0%         3d3       100%        5
 Freezing Cloud           Conj/Ice/Air   0%         6-21      100%        5
 Iskenderun's Battlesphe  Conj           0%         2d6       100%        5
 Yara's Violent Unravell  Hex/Tmut       0%         3d3       100%        5
 Conjure Ball Lightning   Conj/Air       0%         3x3d6     100%        6
 Starburst                Conj/Fire      0%         6d3       100%        6
 Orb of Destruction       Conj           0%         9d5       100%        7
 Ozocubu's Refrigeration  Ice            0%         4d5       100%        7
 Discord                  Hex            0%         N/A       100%        8
 Fire Storm               Conj/Fire      0%         5d1       100%        9
 Summon Small Mammal      Summ           Unusable   N/A       N/A         1
 Tukima's Dance           Hex            Unusable   N/A       N/A         3
 Death Channel            Necr           Unusable   N/A       N/A         6
 Simulacrum               Ice/Necr       Unusable   N/A       N/A         6
 Summon Cactus Giant      Summ           Unusable   N/A       N/A         6
 Malign Gateway           Summ/Tloc      Unusable   N/A       N/A         7
 Summon Horrible Things   Summ           Unusable   N/A       N/A         8

Dungeon Overview and Level Annotations

Branches:
Dungeon (15/15)            Temple (1/1) D:6            Lair (6/6) D:9
  Swamp (4/4) Lair:4        Snake (2/4) Lair:2        Slime (0/5) Lair:6
    Orc (2/2) D:12            Elf (1/3) Orc:2        Vaults (0/5) D:13
 Depths (0/4) D:15        Ossuary (visited)          Bailey (visited)
Desolation (visited)      Gauntlet (visited)

Altars:
Ashenzari
Cheibriados
Dithmenos
Elyvilon
Fedhas
Gozag
Hepliaklqana
Kikubaaqudgha
Makhleb
Nemelex Xobeh
Okawaru
Qazlal
Ru
Sif Muna
Trog
Uskayaw
Vehumet
Wu Jian
Xom
Yredelemnul
Zin
The Shining One
Beogh
Jiyva

Shops:
D:7 [   D:13 (   Orc:2 *(**

Annotations:
D:8 2 transporters, DocClef's ghost, novice GnDe
Lair:4 2 transporters, HuGe's ghost, journeyman MiBe
Swamp:3 2 transporters, croobank's ghost, adept GnDe
Swamp:4 2 transporters, attentat's ghost, adept DrEE


Innate Abilities, Weirdness & Mutations

You are immune to sickness and miasma.
Your stone body is resilient. (AC +14)
You are immune to poison.
Your large and strong wings let you fly.
You resist negative energy. (rN+)
You are resistant to electric shocks. (rElec)
You are resistant to unholy torment.
You are immune to petrification.


Message History

You slice the salamander!! The naga warrior completely misses you.
The salamander closely misses you.
The salamander hits you with a +1 halberd!
You are engulfed in flames!
The naga warrior misses you. x2
The salamander completely misses you.
You slice the salamander!!
You kill the salamander!
Okawaru accepts your kill.
You hit the naga warrior but do no damage.
You barely miss the naga warrior. You hit the salamander.
The salamander hits you with a +1 halberd!
* * * LOW HITPOINT WARNING * * *
You are engulfed in flames!
* * * LOW HITPOINT WARNING * * *
The naga warrior misses you. The naga warrior completely misses you.
You open the salamander like a pillowcase!!!
You kill the salamander!
Okawaru accepts your kill.
You hit the naga warrior but do no damage.
You slice the naga warrior!! The naga warrior spits poison at you.
The splash of poison is repelled.
The naga warrior hits you with a +0 glaive!!
* * * LOW HITPOINT WARNING * * *
The naga warrior grabs you. The naga warrior constricts you.
The +7 Kryia's mail coat enhances the healing.
You feel better.
The naga warrior hits you with a +1 flail of protection!
* * * LOW HITPOINT WARNING * * *
The naga warrior spits poison at you. The splash of poison misses you.
The naga warrior constricts you.
The +7 Kryia's mail coat enhances the healing.
You feel better. The naga warrior completely misses you.
The naga warrior misses you. The naga warrior constricts you.
The +7 Kryia's mail coat enhances the healing.
You feel better.
The naga warrior hits you with a +1 flail of protection!
* * * LOW HITPOINT WARNING * * *
The naga warrior hits you with a +0 glaive!!
You die...

##...#.#..)..#.#...##
#.....).............#
.#
##.#.#.#.#.#.#.#.#.##
....#
###################
....# #####
#############....#
.##.#
.................#
.##.#
................#
.##.#
.......).......#
....# ......N@.[....#
.#### ......N.)†.).##
.# ...#......#.##
.#####' # ###'####'#
........ #. #.##
#.######.# #.####..#
#... ... .........#
#.### #.# ##.#####.#
#.# #.# #.# .# #>#


You could see 2 naga warriors.

Vanquished Creatures
  Mara (Swamp:3)
  A bone dragon (Swamp:4)
  Mlioglotl (Swamp:1)
  Jorgrun (D:13)
  Rupert (Lair:5)
  A tentacled monstrosity (Swamp:3)
  Gastronok (D:9)
  2 thorn hunters (Swamp:4)
  Kirke (Swamp:4)
  The ghost of Gucvuo the Lord of Darkness, a journeyman DrFE of Kikubaaqudgha (D:13)
  An orc warlord (Orc:2)
  2 fenstrider witches
  2 imperial myrmidons (Desolation)
  The ghost of Hoethry the Fighter, a journeyman MiBe of Trog (Swamp:1)
  The ghost of happo123 the Grappler, a journeyman TrTm of Okawaru (Lair:2)
  A deep elf demonologist (Elf:1)
  A minotaur (Gauntlet)
  3 halazid warlocks (Desolation)
  5 bunyips
  5 eleionomae
  An ettin (D:13)
  A crystal guardian (Desolation)
  Snorg (D:11)
  10 ragged hierophants (Desolation)
  2 shambling mangroves (Swamp:4)
  Fannar (Orc:1)
  9 servants of whispers (Desolation)
  3 boulder beetles
  Harold (D:11)
  A salamander tyrant (Snake:2)
  12 hydras
  2 catoblepae
  8 peacekeepers (Desolation)
  4 centaur warriors
  3 ghost crabs
  6 anacondas
  8 naga warriors
  11 dancing weapons
  13 alligators
  7 two-headed ogres
  10 naga sharpshooters
  A tengu warrior (D:13)
  5 orc high priests
  Urug (Lair:3)
  A shock serpent (Snake:1)
  Sonja (Lair:3)
  5 deep elf knights (Elf:1)
  Amaemon (Lair:2)
  A salamander mystic (Snake:1)
  3 death drakes
  7 goliath frogs
  4 spriggan druids
  4 swamp dragons
  A wizard (D:15)
  5 bog bodies
  4 deep elf archers (Elf:1)
  4 naga ritualists (Snake:1)
  7 ironbound convokers (Desolation)
  4 spectral hydras (Swamp:4)
  6 mana vipers
  A necromancer (D:15)
  10 deep elf zephyrmancers
  11 deep elf pyromancers (Elf:1)
  7 orc knights
  2 manticores
  3 ugly things
  3 will-o-the-wisps
  8 salamanders
  A centaur zombie (D:15)
  A moth of wrath (D:13)
  12 guardian serpents
  5 orc sorcerers
  Maurice (D:11)
  7 molten gargoyles
  5 naga magi
  15 elephants
  27 black mambas
  A black mamba (shapeshifter) (Elf:1)
  A gargoyle (D:12)
  An unseen horror (D:11)
  An orange demon (Lair:2)
  An unseen horror (shapeshifter) (D:14)
  17 cane toads
  4 rime drakes (Lair:4)
  2 minotaur zombies (Gauntlet)
  5 swamp worm zombies (Swamp:4)
  2 centaur skeletons (D:15)
  A freezing wraith (D:14)
  2 efreet
  9 komodo dragons
  A kobold demonologist (Bailey)
  A tengu conjurer (D:14)
  6 trolls
  6 hydra zombies (Swamp:4)
  A bloated husk (Swamp:4)
  7 polar bears
  6 tyrant leeches
  A polar bear (shapeshifter) (D:15)
  A wolf spider simulacrum (D:15)
  27 blink frogs
  4 alligator zombies (Swamp:4)
  16 hornets
  10 slime creatures
  83 saltlings (Desolation)
  A spectral swamp dragon (Swamp:4)
  6 small abominations (Gauntlet)
  2 vampires
  An air elemental (Elf:1)
  5 wyverns
  A centaur simulacrum (D:15)
  5 shadows
  22 spriggans
  A water elemental (Elf:1)
  A culicivora (shapeshifter) (D:15)
  A spriggan (shapeshifter) (D:14)
  A fire elemental (Elf:1)
  A human (Swamp:4)
  4 wraiths
  32 yaks
  4 hogs (Swamp:4)
  5 basilisks
  8 vampire mosquitoes
  2 steam dragons
  4 wargs
  27 nagas
  17 swamp worms
  15 water moccasins
  A floating eye (shapeshifter) (Elf:1)
  3 swamp drakes
  53 orc warriors
  13 ogres
  3 ice beasts
  5 black bears
  A swamp dragon zombie (Swamp:4)
  7 centaurs
  A sky beast (D:8)
  22 wolves
  8 boggarts
  A kobold brigand (D:9)
  6 phantoms
  9 bullfrogs
  2 necrophages
  An earth elemental (Elf:1)
  6 scorpions
  14 wights
  2 troll zombies (D:12)
  14 killer bees (D:10)
  6 electric eels
  5 howler monkeys
  2 jellies
  4 hounds
  2 gnoll shamans
  27 orc priests
  A spectral swamp drake (Swamp:4)
  Natasha (thrice) (D:3)
  2 iguanas
  24 orc wizards
  3 hell rats (Lair:6)
  4 ogre zombies (D:12)
  A boggart simulacrum (D:15)
  4 mummies (Ossuary)
  10 gnolls
  10 adders
  3 river rats (Lair:6)
  2 swamp drake zombies (Swamp:4)
  3 shadow imps
  An ufetubus (D:5)
  3 dart slugs
  2 worms
  105 orcs
  6 ball pythons
  5 endoplasms
  6 giant cockroaches
  A gnoll zombie (Ossuary)
  8 goblins
  12 hobgoblins
  6 jackals
  14 kobolds
  3 quokkas
  3 bats
  4 frilled lizards
  6 goblin skeletons (D:12)
  4 goblin zombies
  A hobgoblin skeleton (D:12)
  3 hobgoblin zombies
  2 kobold zombies (Ossuary)
  3 orc skeletons (D:12)
  7 orc zombies
  12 rats
  5 briar patches (Swamp:4)
  A bush (Lair:5)
  2 butterflies (Lair:1)
1227 creatures vanquished.

Vanquished Creatures (others)
  An anaconda (Snake:2)
  A ghost crab (Swamp:4)
  An alligator (Swamp:4)
  A phantasmal warrior (Swamp:4)
  3 bloated husks (Swamp:4)
  3 phantoms (Swamp:4)
  A bush (Lair:6)
  19 foxfires (Swamp:3)
  47 fungi
  77 plants
  5 withered plants
159 creatures vanquished.

Grand Total: 1386 creatures vanquished

Notes
Turn   | Place    | Note
-------+----------+-------------------------------------------
     0 | D:1      | RancidPinata the Gargoyle Gladiator began the quest for the
                  | Orb.
     0 | D:1      | Reached XP level 1. HP: 12/12 MP: 1/1
   336 | D:1      | Reached XP level 2. HP: 14/18 MP: 2/2
   709 | D:1      | Reached XP level 3. HP: 22/22 MP: 3/3
  1193 | D:1      | Reached skill level 1 in Armour
  1451 | D:2      | Found a faded altar of an unknown god.
  1484 | D:2      | Reached skill level 3 in Fighting
  1741 | D:3      | Reached XP level 4. HP: 28/28 MP: 4/4
  1744 | D:3      | Noticed Natasha
  1775 | D:3      | Killed Natasha
  2652 | D:3      | Noticed Natasha
  2670 | D:3      | Killed Natasha
  2671 | D:3      | Reached XP level 5. HP: 13/33 MP: 5/5
  2815 | D:3      | Noticed Natasha
  2826 | D:3      | Killed Natasha
  2977 | D:2      | Reached skill level 1 in Axes
  3521 | D:4      | Reached skill level 4 in Fighting
  3521 | D:4      | Reached XP level 6. HP: 32/38 MP: 6/6
  3540 | D:4      | Found a hide-covered altar of Uskayaw.
  3672 | D:4      | Found a glowing golden altar of the Shining One.
  3691 | D:4      | HP: 1/39 [orc/+0 hand axe (6)]
  3785 | D:4      | Found a sand-covered staircase.
  3791 | Ossuary  | Entered an ossuary
  4583 | D:4      | Reached XP level 7. HP: 42/44 MP: 7/7
  4625 | D:4      | Found the +7 Kryia's mail coat {PotionHeal*2 rC+}
  4870 | D:5      | Entered Level 5 of the Dungeon
  4963 | D:5      | Reached skill level 5 in Fighting
  5746 | D:5      | Reached XP level 8. HP: 50/50 MP: 8/8
  6335 | D:6      | Found an iron altar of Okawaru.
  6335 | D:6      | Found a glowing silver altar of Zin.
  6335 | D:6      | Found an opulent altar of Gozag.
  6369 | D:6      | Became a worshipper of Warmaster Okawaru
  6462 | D:6      | Reached skill level 6 in Fighting
  6503 | D:6      | Noticed a wyvern
  6512 | D:6      | Killed a wyvern
  6512 | D:6      | Reached * piety under Okawaru
  6513 | D:6      | Reached skill level 5 in Armour
  6801 | D:6      | Reached XP level 9. HP: 56/56 MP: 9/9
  6984 | D:6      | Reached skill level 7 in Fighting
  6996 | D:6      | Reached skill level 5 in Axes
  7310 | D:6      | Found a staircase to the Ecumenical Temple.
  7584 | Temple   | Entered the Ecumenical Temple
  8106 | D:7      | Reached ** piety under Okawaru
  8439 | D:7      | Found Inemmay's Armour Shoppe.
  8900 | D:8      | Found a transporter.
  8902 | D:8      | Found a transporter.
  8903 | D:8      | Noticed DocClef's ghost (novice GnDe)
  8927 | D:8      | Identified 2 scrolls of acquirement
  8928 | D:8      | Acquired 904 gold pieces
  8933 | D:8      | Acquired the brooch of Shielding {Spirit SH+8}
  8933 | D:8      | Found the brooch of Shielding {Spirit SH+8}
  8960 | D:8      | Noticed a hornet
  9081 | D:8      | Reached skill level 8 in Fighting
  9086 | D:8      | Reached XP level 10. HP: 61/64 MP: 10/10
  9284 | D:8      | Reached *** piety under Okawaru
  9728 | D:9      | Received a gift from Okawaru
  9880 | D:9      | Reached skill level 5 in Throwing
  9880 | D:9      | Reached skill level 5 in Dodging
  9892 | D:9      | Reached **** piety under Okawaru
 10217 | D:9      | Noticed a two-headed ogre
 10238 | D:9      | Reached skill level 9 in Fighting
 10240 | D:9      | Killed a two-headed ogre
 10240 | D:9      | Received a gift from Okawaru
 10528 | D:9      | Noticed Gastronok
 10553 | D:9      | Killed Gastronok
 10553 | D:9      | Reached ***** piety under Okawaru
 10554 | D:9      | Reached XP level 11. HP: 41/71 MP: 4/11
 10720 | D:9      | Found a staircase to the Lair.
 10741 | D:9      | Received a gift from Okawaru
 11202 | D:10     | Entered Level 10 of the Dungeon
 11280 | D:10     | Found a flagged portal.
 11291 | Bailey   | Entered a bailey
 11621 | Bailey   | Reached skill level 10 in Fighting
 11820 | Bailey   | Noticed an orc sorcerer
 11825 | Bailey   | Noticed an orc knight
 11830 | Bailey   | Killed an orc sorcerer
 11833 | Bailey   | Killed an orc knight
 11875 | Bailey   | Acquired the ring of the Hart {rC+ Int+6 Slay+4 SInv}
 12100 | Bailey   | Found an iron altar of Okawaru.
 12100 | Bailey   | Noticed an orc knight
 12112 | Bailey   | Killed an orc knight
 12996 | D:10     | Noticed a two-headed ogre
 13004 | D:10     | Killed a two-headed ogre
 13423 | D:11     | Reached skill level 10 in Armour
 13429 | D:11     | Identified the +3 fustibalus of Courage {venom, rC- Will+
                  | rCorr Dex+4} (Okawaru gifted it to you on level 11 of the
                  | Dungeon)
 13429 | D:11     | Received a gift from Okawaru
 13430 | D:11     | Reached XP level 12. HP: 74/79 MP: 10/12
 13443 | D:11     | Reached skill level 11 in Fighting
 13479 | D:11     | Noticed Snorg
 13495 | D:11     | Killed Snorg
 13905 | D:11     | Noticed Maurice
 13908 | D:11     | Killed Maurice
 13969 | D:11     | Received a gift from Okawaru
 14044 | D:11     | Noticed Harold
 14056 | D:11     | Killed Harold
 14337 | D:12     | Identified the +5 executioner's axe of Utuisoyruj {vorpal,
                  | rF+++ rC- Str-5 Dex+10} (Okawaru gifted it to you on level
                  | 12 of the Dungeon)
 14337 | D:12     | Received a gift from Okawaru
 14755 | D:12     | Noticed a two-headed ogre
 14761 | D:12     | Killed a two-headed ogre
 14772 | D:12     | Found a staircase to the Orcish Mines.
 14843 | D:12     | Upgraded the game from 0.29-a0-598-gd8304a5bf4 to
                  | 0.29-a0-613-gf2c431b9b9
 14920 | D:12     | Reached skill level 12 in Fighting
 15316 | D:12     | Received a gift from Okawaru
 15519 | Lair:1   | Entered Level 1 of the Lair of Beasts
 15794 | Lair:1   | Noticed a seven-headed hydra
 15875 | D:9      | Killed an 11-headed hydra
 16194 | Lair:1   | Reached XP level 13. HP: 81/86 MP: 11/13
 16324 | Lair:1   | Reached skill level 10 in Axes
 16748 | Lair:2   | Received a gift from Okawaru
 16806 | Lair:2   | Found a staircase to the Snake Pit.
 16997 | Lair:2   | Noticed Amaemon
 17007 | Lair:2   | Killed Amaemon
 17111 | Lair:2   | Identified the +4 battleaxe of Putrescence {vorpal, Drain
                  | Int+5} (Okawaru gifted it to you on level 2 of the Lair of
                  | Beasts)
 17111 | Lair:2   | Received a gift from Okawaru
 17615 | Lair:2   | Found the macabre finger necklace {rN+}
 17737 | Lair:2   | Found a runed translucent gate.
 17737 | Lair:2   | Found a runed translucent gate.
 17738 | Lair:2   | Found a runed translucent gate.
 17739 | Lair:2   | Noticed happo123's ghost (journeyman TrTm)
 17972 | Lair:2   | Killed happo123's ghost
 17986 | Lair:2   | Reached skill level 13 in Fighting
 18240 | Lair:3   | You fall into a shaft and drop 3 floors!
 18240 | Lair:6   | Entered Level 6 of the Lair of Beasts
 18249 | Lair:6   | Reached skill level 1 in Invocations
 18538 | Lair:5   | Noticed Rupert
 18703 | Lair:6   | Reached ****** piety under Okawaru
 18740 | Lair:6   | Received a gift from Okawaru
 18940 | Lair:5   | Received a gift from Okawaru
 18983 | Lair:5   | Gained mutation: Your large and strong wings let you fly.
                  | [Gargoyle growth]
 18983 | Lair:5   | Reached XP level 14. HP: 62/94 MP: 15/15
 19242 | Lair:5   | Killed Rupert
 19891 | Lair:4   | Received a gift from Okawaru
 20022 | Lair:4   | Found a staircase to the Swamp.
 20114 | Lair:4   | Identified the +3 robe "Wuis" {Rampage rC+ rN+} (Okawaru
                  | gifted it to you on level 4 of the Lair of Beasts)
 20114 | Lair:4   | Received a gift from Okawaru
 20224 | Lair:4   | HP: 4/95 [11-headed hydra (8)]
 20224 | Lair:4   | HP: 1/95 [11-headed hydra (3)]
 20500 | Lair:4   | Found a transporter.
 20504 | Lair:4   | Reached skill level 14 in Fighting
 20524 | Lair:4   | Noticed HuGe's ghost (journeyman MiBe)
 20536 | Lair:4   | Found a transporter.
 21134 | Lair:3   | Noticed Sonja
 21151 | Lair:3   | Killed Sonja
 21474 | Lair:3   | Noticed Urug
 21483 | Lair:3   | Killed Urug
 22999 | Lair:6   | Identified the +2 kite shield of Lepsow {Will+} (Okawaru
                  | gifted it to you on level 6 of the Lair of Beasts)
 22999 | Lair:6   | Received a gift from Okawaru
 23000 | Lair:6   | Reached XP level 15. HP: 101/101 MP: 18/18
 23192 | Lair:6   | Reached skill level 5 in Invocations
 23792 | Lair:6   | Found a viscous altar of Jiyva.
 23793 | Lair:6   | Found a staircase to the Slime Pits.
 24283 | Orc:1    | Entered Level 1 of the Orcish Mines
 24566 | Orc:2    | Entered Level 2 of the Orcish Mines
 24908 | Orc:1    | Noticed Fannar
 24922 | Orc:1    | Killed Fannar
 26006 | Orc:2    | Found a staircase to the Elven Halls.
 26272 | Orc:2    | Upgraded the game from 0.29-a0-613-gf2c431b9b9 to
                  | 0.29-a0-617-g7a6b98fccd
 26590 | Orc:2    | Reached skill level 15 in Fighting
 26766 | Orc:2    | Found Suusieng's Assorted Antiques.
 26771 | Orc:2    | Bought a potion of heal wounds for 160 gold pieces
 26771 | Orc:2    | Bought a potion of curing for 96 gold pieces
 26776 | Orc:2    | Found Duudotet's Weapon Shop.
 27185 | Orc:2    | Noticed an orc warlord
 27201 | Orc:2    | Killed an orc warlord
 27201 | Orc:2    | Received a gift from Okawaru
 27406 | Orc:2    | Found Viab's Assorted Antiques.
 27649 | Orc:2    | Found Jalassit's General Store.
 27905 | Orc:2    | Bought a scroll of magic mapping for 56 gold pieces
 27905 | Orc:2    | Bought a +1 pair of gloves of stealth for 264 gold pieces
 27905 | Orc:2    | Bought a scroll of enchant armour for 120 gold pieces
 28123 | Elf:1    | Entered Level 1 of the Elven Halls
 28204 | Elf:1    | Reached skill level 1 in Stealth
 28285 | Elf:1    | Found a crumbling gateway.
 28291 | Desolati | Entered the Desolation of Salt
 28298 | Desolati | Identified the +4 battleaxe "Poytzouff" {drain, rPois
                  | rCorr} (Okawaru gifted it to you in the Desolation of Salt)
 28298 | Desolati | Received a gift from Okawaru
 28301 | Desolati | Reached skill level 1 in Evocations
 28502 | Desolati | Reached XP level 16. HP: 100/108 MP: 20/20
 28513 | Desolati | Identified the ring of Woubafa {rPois Will+ Dex+3}
 28586 | Desolati | Reached skill level 15 in Armour
 28916 | Desolati | Identified the +8 dire flail of the Witching Pariah
                  | {vorpal, rN+ MP+9 Str+5} (Okawaru gifted it to you in the
                  | Desolation of Salt)
 28916 | Desolati | Received a gift from Okawaru
 29122 | Desolati | Identified the +1 robe of Vampiric Thralls {*Corrode rF+
                  | Will++}
 29250 | Desolati | Identified the +0 leather armour of Happy Babbling {Rampage
                  | rPois rF+}
 29720 | Desolati | Received a gift from Okawaru
 29925 | Desolati | Received a gift from Okawaru
 30183 | Desolati | Got Roohuon's Guide on Air
 30508 | Desolati | Got the Handbook of Glacial Moulding
 30516 | Desolati | Reached skill level 16 in Fighting
 30906 | Desolati | Identified the +7 hunting sling "Puqeg" {flame, rElec Will-
                  | rCorr Str-3}
 30908 | Desolati | Identified the +5 ring mail of the Tuna {Drain rC++ Str+7}
 31020 | Desolati | Reached XP level 17. HP: 84/115 MP: 22/22
 31143 | Desolati | Received a gift from Okawaru
 31177 | Desolati | Got the Reference Book on Ghastly Conjuration
 31425 | Desolati | Identified the +1 scale mail of the Rotten God {Dex+6}
 31531 | Elf:1    | Paralysed by an air elemental for 1 turns
 32123 | Elf:1    | Identified the +7 hunting sling "Weewitef" {freeze, rF+
                  | rCorr Str-5}
 32362 | Elf:1    | Reached skill level 5 in Stealth
 32374 | Elf:1    | Reached skill level 10 in Throwing
 33284 | Snake:1  | Entered Level 1 of the Snake Pit
 33696 | D:13     | Noticed Jorgrun
 33918 | D:13     | Killed Jorgrun
 34268 | D:13     | Found a gate to the Vaults.
 34397 | D:13     | Found a bloodstained altar of Trog.
 34397 | D:13     | Noticed Gucvuo's ghost (journeyman DrFE)
 34400 | D:13     | Found a transporter.
 34413 | D:13     | Found a transporter.
 34446 | D:13     | Found Puit's Weapon Shop.
 34450 | D:13     | Bought 5 javelins for 44 gold pieces
 34450 | D:13     | Bought 6 boomerangs of dispersal for 99 gold pieces
 34818 | D:13     | Received a gift from Okawaru
 34820 | D:13     | Killed Gucvuo's ghost
 35584 | D:14     | Identified the +1 ring mail of Divine Brilliance {rPois
                  | rC+} (Okawaru gifted it to you on level 14 of the Dungeon)
 35584 | D:14     | Received a gift from Okawaru
 35708 | D:15     | Entered Level 15 of the Dungeon
 35708 | D:15     | Found a gate leading to a gauntlet.
 35751 | D:15     | Found a staircase to the Depths.
 35934 | D:15     | Found a broken altar of Ashenzari.
 36001 | Gauntlet | Entered a Gauntlet
 36001 | Gauntlet | Found a transporter.
 36114 | Gauntlet | Found a transporter.
 36115 | Gauntlet | Found a transporter.
 36119 | Gauntlet | Found a transporter.
 36128 | Gauntlet | Found a transporter.
 36130 | Gauntlet | Found a transporter.
 36131 | Gauntlet | Found a transporter.
 36139 | Gauntlet | Found a transporter.
 36142 | Gauntlet | Found a transporter.
 36143 | Gauntlet | Found a transporter.
 36151 | Gauntlet | Found a transporter.
 36154 | Gauntlet | Found a transporter.
 36156 | Gauntlet | Found a transporter.
 36163 | Gauntlet | Found a transporter.
 37348 | Swamp:1  | Entered Level 1 of the Swamp
 37475 | Swamp:1  | Noticed Mlioglotl
 37481 | Swamp:1  | Noticed a bone dragon
 37486 | Swamp:1  | Killed Mlioglotl
 37487 | Swamp:1  | Reached skill level 17 in Fighting
 37681 | Swamp:1  | Identified the +1 chain mail of the Swamp {Fly rPois rN+
                  | Dex+3}
 37720 | Swamp:1  | Reached XP level 18. HP: 84/123 MP: 24/24
 37760 | Swamp:1  | Found a runed translucent door.
 37849 | Swamp:1  | Noticed Hoethry's ghost (journeyman MiBe)
 38171 | Swamp:1  | Killed Hoethry's ghost
 38479 | Swamp:2  | Reached skill level 5 in Evocations
 39344 | Swamp:3  | Noticed Mara
 39369 | Swamp:3  | Killed Mara
 39370 | Swamp:3  | Reached skill level 10 in Dodging
 39375 | Swamp:3  | Received a gift from Okawaru
 39847 | Swamp:3  | Found a transporter.
 39848 | Swamp:3  | Noticed croobank's ghost (adept GnDe)
 39855 | Swamp:3  | Found a transporter.
 39938 | Swamp:3  | Noticed a tentacled monstrosity
 39949 | Swamp:3  | Killed a tentacled monstrosity
 40650 | Swamp:4  | Entered Level 4 of the Swamp
 40650 | Swamp:4  | Noticed Kirke
 40664 | Swamp:4  | Killed Kirke
 40665 | Swamp:4  | Noticed attentat's ghost (adept DrEE)
 40916 | Swamp:4  | Found a transporter.
 40944 | Swamp:4  | Received a gift from Okawaru
 41201 | Swamp:4  | Found a transporter.
 41307 | Swamp:4  | Identified the +5 battleaxe of the Lesser Evil {flame,
                  | rElec rC+ Int-2 SInv} (Okawaru gifted it to you on level 4
                  | of the Swamp)
 41307 | Swamp:4  | Received a gift from Okawaru
 42136 | Swamp:4  | Reached skill level 15 in Axes
 42161 | Swamp:4  | Reached skill level 18 in Fighting
 42456 | Swamp:4  | Noticed a bone dragon
 42462 | Swamp:4  | Reached XP level 19. HP: 59/130 MP: 26/26
 42782 | Swamp:4  | Killed a bone dragon
 42853 | Swamp:4  | Got a decaying rune of Zot
 43089 | Snake:1  | Received a gift from Okawaru
 43394 | Snake:1  | You are sucked into a shaft and drop 1 floor!
 44904 | Snake:1  | Reached skill level 10 in Invocations
 45611 | Snake:2  | Received a gift from Okawaru
 45849 | Snake:1  | Received a gift from Okawaru
 46419 | Snake:2  | Identified the +7 chain mail "Xaot Zam" {rCorr} (Okawaru
                  | gifted it to you on level 2 of the Snake Pit)
 46419 | Snake:2  | Received a gift from Okawaru
 46427 | Snake:2  | Mangled by a naga warrior

Illustrated notes

Levels and vault maps discovered:
D:1:      dpeg_arrival_renting, layout_loops_ring, minmay_misc_feat_columns,
          minmay_misc_feat_roman
D:2:      layout_rooms, dilly_ecumenical_altar_fadedgnrine,
          minmay_misc_feat_room, minmay_pentomino_q2
D:3:      layout_basic, uniq_natasha
D:4:      layout_rooms, mainiacjoe_overflow_large_starburst,
          nicolae_ossuary_entry_plus
D:5:      layout_layer_cave, minmay_statues_item
D:6:      layout_loops_corners, chequers_temple_overflow_statue_of_worship,
          minmay_temple_entry_glass, st_stairs_13
D:7:      layout_basic, nicolae_inconvenience_store
D:8:      layout_loops_ring, gammafunk_ghost_hive, the_hattery
D:9:      layout_stronghold, david_lair_shrubbed, uniq_gastronok
D:10:     layout_basic, enter_bailey_1, minivault_4
D:11:     layout_loops_ring, statue_in_the_mist_lemuel, uniq_harold, uniq_snorg,
          uniq_maurice
D:12:     layout_stronghold, zombieorc1_lemuel
D:13:     nicolae_cairo_tiling, layout_irregular_city, erik_vaults_1,
          serial_shops, nicolae_shop_trees, gammafunk_ghost_wrathful_warriors,
          uniq_jorgrun
D:14:     layout_roguey, minivault_26, minivault_8
D:15:     grunt_enter_depths_magical_seal, layout_loops_ring,
          gauntlet_entry_generic, ashenzari_conservatory_becter
Temple:   minmay_crystal_spiral_temple
Lair:1:   layout_roguey, serial_rivers, chequers_serial_rivers_micro_b,
          chequers_serial_rivers_micro_b, chequers_serial_rivers_small_3,
          chequers_serial_rivers_small_a, chequers_serial_rivers_room_b,
          chequers_serial_rivers_large_b, serial_bayou_shore_a,
          lemuel_fruit_fields
Lair:2:   layout_chaotic_city, guppyfry_snake_entry_island,
          gammafunk_ghost_hydra_chop, grunt_megastairs_5, serial_bayou_shore_b,
          uniq_amaemon
Lair:3:   layout_misc_corridors, infiniplex_staircase_pool_2, uniq_sonja,
          uniq_urug
Lair:4:   layout_concentric_octagons, nicolae_swamp_entry_splash_gauntlet,
          gammafunk_ghost_berserking_beasts
Lair:5:   layout_layer_cave, kilobyte_rumbling_trees, grunt_megastairs_3,
          uniq_rupert
Lair:6:   minmay_lair_end_enchanted_forest, layout_cave_pods,
          dpeg_slime_entry_enclosed_altar, kennysheep_abandoned_house
Swamp:1:  layout_basic_swamp, gammafunk_ghost_grave,
          evilmike_swamp_ruin_house_5, uniq_mlioglotl
Swamp:2:  layout_basic_swamp, nicolae_swamp_fairy_circle
Swamp:3:  nicolae_swamp_tree_isthmus, layout_basic_swamp, gammafunk_ghost_arena,
          hangedman_swamp_cone, swamp_pool1, nicolae_swamp_little_tower,
          uniq_mara
Swamp:4:  swamp_pestilence, layout_basic_swamp, gammafunk_ghost_arena,
          uniq_kirke
Snake:1:  layout_onion_interference, grunt_megastairs_4
Snake:2:  layout_gridlike, nicolae_snake_boneroom
Orc:1:    layout_caves, basic_altar, minmay_orc_keep, uniq_fannar
Orc:2:    pubby_orc_utopia, serial_shops
Elf:1:    eino_elf_arrival_shootout, layout_geoelf_octagon,
          portal_desolation_entry_ruin, hangedman_elven_crosses_minicolossus

Skill      XL: |  1  2  3  4  5  6  7  8  9 10 11 12 13 14 15 16 17 18 19 |
---------------+----------------------------------------------------------+-----
Throwing       | 2 3 4 5 6 7 8 9 10 | 10.0
Armour         | 1 2 3 5 6 8 10 11 12 13 14 15 16 17 | 17.5
Fighting       | 3 4 5 6 8 9 10 12 13 14 15 16 17 18 | 18.6
Axes           | 1 2 3 4 6 7 8 9 10 11 12 13 14 15 | 15.6
Dodging        | 3 4 5 6 7 8 9 10 | 10.0
Invocations    | 2 4 6 7 8 9 10 | 10.2
Stealth        | 2 4 6 7 8 |  8.9
Evocations     | 1 3 4 6 |  6.8
Maces & Flails | |  3.7

Action                   |  1- 3 |  4- 6 |  7- 9 | 10-12 | 13-15 | 16-18 | 19-21 || total
-------------------------+-------+-------+-------+-------+-------+-------+-------++-------
Melee: Flail             |   110 |    35 |       |       |       |       |       ||   145
       Punch             |     1 |     2 |       |       |       |       |       ||     3
       Hand axe          |       |    44 |       |       |       |       |       ||    44
       Battleaxe         |       |   118 |   213 |   494 |  1036 |  1028 |   306 ||  3195
       Executioner's axe |       |       |       |     5 |       |       |       ||     5
Throw: Boomerang         |       |     1 |       |       |       |       |       ||     1
       Javelin           |       |       |       |    10 |     5 |       |       ||    15
Invok: Heroism           |       |       |       |     6 |    11 |     8 |     1 ||    26
       Finesse           |       |       |       |     4 |     8 |     8 |     1 ||    21
  Use: Scroll            |       |     9 |     8 |     6 |    14 |     6 |       ||    43
       Potion            |       |     1 |       |     1 |    13 |    16 |     3 ||    34
 Stab: Sleeping          |       |       |       |       |       |     8 |     3 ||    11
       Distracted        |       |       |       |       |       |       |     2 ||     2
Armor: Leather armour    |    23 |       |       |       |       |       |       ||    23
       Ring mail         |    44 |    59 |       |       |       |       |       ||   103
       Scale mail        |       |       |   121 |   259 |   592 |   649 |   139 ||  1760
Dodge: Dodged            |    71 |   182 |   202 |   385 |  1256 |  1243 |   408 ||  3747
       Repelled          |       |       |       |       |     5 |    19 |    27 ||    51
Block: Other             |       |       |    13 |   215 |    47 |       |       ||   275

Table legend: (Time is in decaauts)
 A = Elapsed time spent in this place.
 B = Non-inter-level travel time spent in this place.
 C = Inter-level travel time spent in this place.
 D = Time resting spent in this place.
 E = Time spent auto-exploring this place.
 F = Levels seen in this place.
 G = Mean time per level.
                   A        B        C        D        E       F      G
               +--------+--------+--------+--------+--------+-----+--------+
         Total |  46804 |  45323 |   1481 |  16671 |  15937 |  35 | 1337.3 |
       Dungeon |  17451 |  16634 |    817 |   4174 |   8228 |  15 | 1163.4 |
        Temple |    218 |    143 |     75 |      0 |    110 |   1 |  218.0 |
          Lair |   8673 |   8345 |    328 |   2427 |   3181 |   6 | 1445.5 |
         Swamp |   5597 |   5486 |    111 |   2987 |   1084 |   4 | 1399.2 |
     Snake Pit |   3545 |   3527 |     18 |   1418 |   1276 |   2 | 1772.5 |
  Orcish Mines |   3831 |   3709 |    122 |   1596 |    957 |   2 | 1915.5 |
   Elven Halls |   1760 |   1751 |      9 |    719 |    377 |   1 | 1760.0 |
       Ossuary |    629 |    629 |      0 |    349 |      0 |   1 |  629.0 |
        Bailey |   1250 |   1250 |      0 |    482 |    396 |   1 | 1250.0 |
    Desolation |   3229 |   3229 |      0 |   2228 |    327 |   1 | 3229.0 |
      Gauntlet |    617 |    617 |      0 |    291 |      0 |   1 |  617.0 |
               +--------+--------+--------+--------+--------+-----+--------+

Top non-repeatable levels by time:
Desolation: 3229 daAuts
   Orc:2: 3129 daAuts
     D:9: 2267 daAuts
 Snake:1: 2218 daAuts
  Lair:6: 2127 daAuts
 Swamp:4: 2025 daAuts
   Elf:1: 1760 daAuts
  Lair:5: 1589 daAuts
  Lair:2: 1585 daAuts
     D:5: 1495 daAuts
 Swamp:3: 1492 daAuts
     D:1: 1409 daAuts
  Lair:4: 1380 daAuts
    D:13: 1336 daAuts
 Snake:2: 1327 daAuts
